Map: Ephemeron LE

Players

Cuddlebear

  • Race: Terran Terran
  • Spawn Location: 5:00

HateMe - Winner!

  • Race: Zerg Zerg
  • Spawn Location: 11:00

Event: IEM Katowice 2020

VOD

Have the link to the VOD?

Description

Time

  • Played on: Feb. 25, 2020, 10:35 a.m.
  • Length: 20:13

All games in this series

Show
View Real Time Build Order
Export as new Build Order

Cuddlebear Terran 

Build Orders: Reaper Expand 

Get SALT Encoding   

  12  0:00  SCV  
  13  0:13  SCV  
  14  0:17  Supply Depot  
  14  0:25  SCV  
  15  0:39  SCV, Barracks  
  16  0:44  Refinery  
  16  0:51  SCV  
  17  1:03  SCV  
  18  1:15  SCV  
  19  1:27  Reaper  
  19  1:28  Orbital Command  
  20  1:41  Command Center  
  20  1:49  Supply Depot  
  20  1:53  SCV  
  21  1:59  Marine  
  22  2:06  SCV  
  23  2:10  Factory  
  23  2:18  SCV  
  23  2:21  Barracks Reactor  
  24  2:30  SCV  
  25  2:42  SCV  
  26  2:46  Command Center  
  26  2:54  SCV  
  28  2:58  Orbital Command  
  29  3:05  Hellion  
  29  3:06  SCV  
  29  3:10  Hellion  
  32  3:17  Barracks Tech Lab  
  32  3:20  SCV  
  32  3:22  Starport  
  32  3:25  SCV  
  34  3:32  SCV  
  34  3:34  Refinery  
  35  3:38  SCV  
  35  3:42  Marine  
  35  3:44  Stimpack  
  35  3:46  SCV  
  35  3:47  Barracks  
  37  3:50  Barracks  
  37  3:51  SCV  
  38  3:58  SCV, Orbital Command  
  38  4:01  Starport Reactor  
  39  4:03  SCV  
  39  4:04  Marine  
  41  4:10  SCV, Factory Tech Lab  
  41  4:16  SCV  
  43  4:17  Supply Depot  
  43  4:21  Marine  
  43  4:22  SCV  
  45  4:25  SCV  
  45  4:28  SCV  
  45  4:29  Refinery, Siege Tank  
  50  4:34  SCV  
  50  4:36  Marine  
  50  4:37  Marine, SCV  
  54  4:40  SCV  
  54  4:42  Supply Depot  
  54  4:43  Marine, Starport Reactor  
  56  4:46  Marine x2, SCV  
  56  4:49  SCV  
  60  4:54  SCV, Engineering Bay  
  60  4:55  Marine, Engineering Bay  
  60  4:56  Marine  
  60  4:59  SCV  
  64  5:00  Marine  
  64  5:04  Siege Tank  
  64  5:05  SCV  
  64  5:06  SCV  
  70  5:10  Marine  
  70  5:11  Marine  
  70  5:12  SCV, Refinery  
  70  5:13  Marine  
  74  5:17  SCV, Marine  
  74  5:18  SCV  
  77  5:32  Supply Depot  
  77  5:33  Supply Depot  
  77  5:35  Combat Shield  
  77  5:37  Marine x3  
  77  5:38  Medivac x2  
  77  5:39  Supply Depot  
  77  5:42  SCV  
  85  5:46  Barracks  
  85  5:48  Terran Infantry Weapons Level 1  
  85  5:53  SCV  
  85  5:54  SCV, Terran Infantry Armor Level 1  
  85  5:55  Marine  
  88  5:57  Marine  
  88  5:58  Marine  
  88  6:02  Barracks  
  88  6:03  Barracks  
  90  6:06  SCV  
  90  6:07  SCV, Marine x2  
  94  6:14  Marine  
  94  6:17  Marine  
  94  6:18  SCV, Siege Tank  
  97  6:19  SCV  
  92  6:29  Marine  
  92  6:31  SCV x2  
  86  6:39  Marine x2  
  88  6:40  Barracks Reactor  
  88  6:42  Barracks  
  88  6:43  Marine x2, SCV  
  88  6:44  SCV  
  92  6:51  Marine  
  89  6:56  SCV x2  
  89  6:57  Marine x2  
  93  7:06  Barracks Reactor x2  
  93  7:08  Marine, SCV x2  
  96  7:12  Armory, Orbital Command  
  96  7:15  Marine  
  96  7:17  Medivac x2, Siege Tank  
  96  7:20  SCV x2  
  96  7:21  Marine  
  103  7:24  Marine  
  103  7:25  Marine  
  103  7:26  Marine  
  99  7:30  Marine  
  99  7:32  SCV x2  
  102  7:37  Marine  
  102  7:41  Marine  
  102  7:43  Marine  
  103  7:44  SCV x2  
  103  7:45  Marine  
  103  7:47  Engineering Bay  
  103  7:50  Barracks Reactor  
  106  7:51  Marine  
  106  7:52  Medivac  
  109  7:59  SCV x2  
  109  8:03  Terran Infantry Weapons Level 2  
  109  8:06  Marine x3, Medivac, Terran Vehicle Weapons Level 1, Siege Tank  
  109  8:09  SCV  
  109  8:11  SCV x2  
  120  8:15  Marine, Supply Depot x2  
  120  8:17  Marine x2  
  125  8:29  Supply Depot  
  125  8:32  Supply Depot  
  125  8:33  Supply Depot  
  125  8:34  Command Center  
  123  8:35  Supply Depot  
  123  8:36  Supply Depot  
  123  8:39  Marine  
  123  8:40  Medivac, Siege Tank  
  129  8:47  Marine  
  130  8:49  Marine  
  130  8:51  Marine  
  130  8:52  Marine  
  133  8:56  Marine x2, Refinery x2  
  133  8:58  Marine  
  133  9:01  Marine  
  133  9:02  Marine  
  138  9:05  Marine x2  
  138  9:09  Marine  
  141  9:12  Marine, Siege Tank  
  141  9:14  Marine  
  141  9:15  Marine  
  141  9:16  Terran Infantry Armor Level 2  
  147  9:24  Marine, Supply Depot  
  147  9:26  Marine, Supply Depot  
  147  9:28  Marine, Factory  
  147  9:29  Marine  
  151  9:34  Marine x3  
  151  9:35  Marine x3  
  151  9:37  Marine  
  151  9:38  Marine x2  
  160  9:41  Supply Depot  
  160  9:43  Marine  
  160  9:44  Supply Depot  
  161  9:48  Marine, Command Center  
  161  9:49  Supply Depot  
  162  9:56  Marine  
  162  9:57  Marine, Siege Tank  
  165  10:01  Marine x7  
  172  10:11  Sensor Tower  
  172  10:18  Marine  
  171  10:29  Marine, Siege Tank  
  171  10:31  Planetary Fortress  
  175  10:40  Marine  
  173  10:49  Marine  
  167  10:50  Marine x11  
  167  10:55  Factory Tech Lab  
  179  10:57  Barracks  
  179  10:58  Marine, Refinery  
  179  11:01  Siege Tank  
  152  11:07  Marine, Medivac x2  
  152  11:08  Marine x7  
  152  11:09  Terran Vehicle Weapons Level 2, Terran Infantry Weapons Level 3, Marauder  
  166  11:11  Marine  
  166  11:12  Marine  
  166  11:15  Marine  
  161  11:28  Command Center  
  161  11:29  Marine  
  161  11:30  Marine  
  162  11:34  Marine, Siege Tank  
  162  11:35  Marauder  
  162  11:38  Marine  
  163  11:42  Marine  
  163  11:43  Marine x2  
  163  11:44  Siege Tank  
  151  11:55  Marine  
  151  11:56  Marauder  
  151  11:57  Barracks Tech Lab  
  154  12:02  Marine  
  154  12:04  Marine  
  154  12:06  Siege Tank  
  154  12:07  Marine  
  160  12:16  Marine, Sensor Tower, Siege Tank  
  160  12:17  SCV  
  160  12:18  Marauder  
  157  12:26  Marine, Marauder  
  160  12:31  Marine x2  
  160  12:32  Medivac x2  
  160  12:36  Marine  
  163  12:38  Siege Tank  
  163  12:39  Terran Infantry Armor Level 3  
  163  12:40  Planetary Fortress  
  166  12:45  Planetary Fortress  
  166  12:49  Concussive Shells  
  169  12:52  SCV  
  169  12:53  SCV  
  169  12:54  Marauder  
  169  12:55  Marauder  
  169  12:58  Drilling Claws  
  175  13:02  Marine  
  173  13:10  Widow Mine  
  173  13:11  Marine  
  173  13:12  SCV x3  
  179  13:17  Marine  
  180  13:24  SCV x3  
  180  13:26  SCV  
  184  13:28  Ghost Academy  
  184  13:36  SCV  
  175  13:45  Marine x2, Marauder  
  136  13:50  Marine x4  
  136  13:51  Marine  
  136  13:52  Medivac x2, Widow Mine x3  
  136  13:53  SCV x3  
  128  13:58  Marine, SCV  
  128  13:59  SCV, Marine  
  132  14:04  Marine  
  132  14:09  Marine  
  133  14:10  Marine  
  133  14:14  Marine  
  133  14:15  Widow Mine x3  
  136  14:17  Marine  
  136  14:18  Marine  
  136  14:19  Marine  
  136  14:22  Marine  
  136  14:23  Marine x3  
  136  14:24  Marine x2  
  141  14:25  Medivac x2  
  141  14:28  Marine x2  
  145  14:33  Marine  
  145  14:36  Widow Mine x2  
  145  14:37  Marine, Widow Mine  
  153  14:42  Marine  
  151  14:48  Marine  
  151  14:50  Marine  
  153  14:53  Marine  
  153  14:58  SCV x2, Widow Mine x3  
  153  14:59  SCV  
  164  15:00  SCV  
  164  15:01  SCV  
  164  15:03  Marine  
  164  15:07  Marine  
  164  15:09  Marine  
  164  15:10  SCV x2  
  164  15:12  Marine  
  164  15:13  Marine  
  160  15:19  Widow Mine x2, Hellion  
  160  15:20  Marine  
  167  15:21  Marine  
  167  15:22  Medivac x2, Marauder  
  167  15:26  Command Center  
  167  15:27  Command Center  
  172  15:33  Marine  
  173  15:45  Marine  
  173  15:46  Marine  
  171  15:50  Widow Mine x2  
  171  15:54  Marine  
  176  15:58  Widow Mine  
  176  16:01  Marine  
  176  16:02  Medivac x2  
  176  16:03  Marine x2  
  174  16:07  Marine  
  174  16:08  Command Center  
  167  16:12  Widow Mine  
  167  16:15  Marine, Marauder  
  170  16:18  Marine  
  170  16:20  Marine  
  170  16:23  Marine  
  170  16:24  Marine  
  157  16:30  Marine x2, Marauder  
  157  16:32  Marine  
  156  16:33  Marine  
  156  16:35  Terran Vehicle And Ship Armor Level 1  
  153  16:41  Marine, Marauder  
  153  16:45  Marine  
  153  16:46  Marine  
  138  16:48  Widow Mine  
  138  16:49  Medivac x2, Widow Mine x2  
  138  16:50  Marine  
  149  16:54  Marine  
  149  16:55  Marine  
  149  16:56  Marauder  
  149  17:03  Marine  
  149  17:07  Marine  
  149  17:08  Marauder  
  148  17:14  Marine  
  142  17:17  Marauder  
  142  17:18  Marine  
  142  17:19  Marine  
  146  17:22  Marine  
  146  17:23  Orbital Command  
  146  17:27  Marine  
  144  17:34  Marine  
  145  17:51  Marauder  
  140  18:10  Marine x2  
  140  18:11  Marauder  
  126  18:16  Marine  
  126  18:17  Marauder  
  113  18:23  Marine  
  113  18:24  Marine  
  113  18:26  Planetary Fortress  
  94  18:30  Marine  
  94  18:31  Marine  
  86  18:45  Marine x3  
  86  18:46  Marine, Marauder  
  86  18:47  Widow Mine x2  
  94  18:50  SCV, Widow Mine  
  94  18:55  Marine  
  96  18:56  Marauder  
  96  19:00  Marine  
  96  19:01  Marine, Medivac x2  
  105  19:03  Marine  
  104  19:13  Widow Mine x2  
  95  19:20  Marine x2  
  94  19:25  Widow Mine  
  94  19:26  Marine  
  94  19:30  Marine  
  94  19:31  Medivac  
  94  19:34  Widow Mine  
  83  19:43  Marine  
  83  19:45  Marine x2  
  75  19:46  Marine  
  75  19:50  Marine  
  75  19:51  Marine x2  
Show
View Real Time Build Order
Export as new Build Order

HateMe Zerg - Winner!

Build Orders: Hatch First 

Get SALT Encoding   

  12  0:00  Drone  
  13  0:13  Overlord  
  13  0:16  Drone  
  14  0:31  Drone x2  
  16  0:48  Hatchery  
  15  0:51  Drone  
  15  0:55  Drone  
  17  0:58  Drone  
  18  1:09  Extractor  
  17  1:13  Spawning Pool  
  17  1:17  Drone  
  17  1:20  Drone  
  18  1:28  Drone  
  19  1:39  Drone  
  20  1:50  Overlord  
  20  2:00  Queen x2  
  24  2:02  Zergling x4  
  26  2:13  Drone x2, Metabolic Boost  
  29  2:22  Drone  
  29  2:23  Drone  
  30  2:35  Overlord  
  30  2:39  Queen  
  32  2:47  Drone  
  32  2:48  Drone x2  
  35  2:56  Drone  
  35  2:57  Overlord  
  36  3:04  Pneumatized Carapace  
  35  3:19  Drone x3  
  37  3:20  Drone x3  
  39  3:35  Queen  
  39  3:37  Hatchery  
  39  3:40  Overlord  
  40  3:46  Zergling x6  
  40  3:47  Queen  
  45  3:53  Zergling x4  
  47  3:59  Drone  
  48  4:03  Drone  
  48  4:07  Drone  
  48  4:08  Drone x2  
  48  4:09  Drone  
  53  4:17  Drone  
  53  4:20  Overlord  
  53  4:23  Queen  
  56  4:28  Drone, Evolution Chamber x2  
  55  4:31  Spore Crawler  
  55  4:33  Drone x3  
  55  4:35  Drone  
  58  4:39  Overlord  
  58  4:42  Drone  
  59  4:54  Zerg Ground Armor Level 1, Zerg Melee Weapons Level 1  
  59  4:55  Zergling x12  
  59  4:59  Overlord  
  65  5:00  Drone  
  65  5:06  Drone  
  67  5:09  Drone x2  
  67  5:12  Drone  
  67  5:13  Drone x2  
  72  5:17  Overlord  
  72  5:20  Drone x2  
  72  5:21  Drone  
  75  5:23  Drone  
  75  5:25  Drone x2  
  78  5:29  Drone x3  
  78  5:31  Lair  
  78  5:34  Drone  
  78  5:35  Drone  
  83  5:38  Extractor x2  
  83  5:39  Extractor  
  83  5:40  Extractor x2  
  83  5:41  Zergling x8  
  82  5:44  Overlord  
  82  5:49  Baneling Nest  
  81  5:51  Zergling x2  
  81  5:52  Zergling x6  
  85  6:04  Zergling x8  
  89  6:11  Overlord x2  
  89  6:14  Drone x4  
  92  6:24  Zergling x10  
  90  6:27  Zergling x2  
  90  6:31  Zergling x8  
  86  6:33  Centrifical Hooks  
  86  6:34  Zergling x2  
  87  6:46  Drone x5  
  91  6:51  Drone x2  
  91  6:53  Drone  
  93  6:55  Zerg Melee Weapons Level 2, Zerg Ground Armor Level 2  
  93  6:58  Hatchery  
  93  6:59  Baneling  
  93  7:00  Baneling x7  
  92  7:03  Drone  
  92  7:04  Zergling x8  
  97  7:10  Drone  
  97  7:11  Hydralisk Den, Drone  
  97  7:14  Zergling x8  
  97  7:23  Zergling x8  
  97  7:28  Zergling x2  
  95  7:35  Zergling x14  
  102  7:42  Drone x3  
  102  7:43  Baneling x5  
  105  7:45  Zergling x2  
  105  7:48  Overlord, Muscular Augments  
  106  7:53  Hydralisk  
  106  7:56  Hydralisk  
  110  7:59  Hydralisk x2  
  114  8:06  Overlord x3  
  114  8:08  Hydralisk x4  
  122  8:13  Hydralisk  
  122  8:14  Hydralisk x2  
  128  8:23  Overlord x2  
  128  8:33  Drone  
  128  8:34  Drone x4  
  133  8:35  Overlord x2  
  133  8:40  Drone x3  
  132  8:42  Hydralisk x5  
  132  8:47  Overlord x2  
  142  8:52  Zergling x2  
  142  8:53  Zergling x6  
  145  8:57  Hydralisk  
  145  9:00  Hydralisk x3  
  153  9:06  Grooved Spines  
  152  9:11  Zergling x2, Zerg Missile Weapons Level 1  
  152  9:12  Zergling x2  
  152  9:13  Zergling x10  
  157  9:20  Drone  
  157  9:22  Extractor  
  157  9:27  Drone  
  157  9:28  Drone x2, Infestation Pit  
  157  9:30  Zergling x14  
  157  9:31  Zergling x6  
  168  9:38  Zergling x6  
  168  9:42  Zergling x8  
  174  9:55  Zergling x8  
  174  9:57  Queen  
  177  10:06  Hatchery  
  176  10:09  Spore Crawler  
  176  10:11  Drone x2  
  176  10:12  Drone x2  
  179  10:14  Extractor  
  179  10:18  Drone x3  
  180  10:26  Hive  
  180  10:27  Burrow  
  180  10:28  Zergling x16  
  180  10:29  Zergling x10  
  192  10:40  Zergling x8  
  190  10:49  Zergling x6  
  193  10:50  Zergling x2  
  188  11:00  Zergling x2  
  188  11:01  Zergling x16  
  179  11:06  Baneling x8  
  179  11:08  Zergling x4  
  179  11:10  Baneling  
  179  11:11  Baneling x9  
  181  11:13  Zergling x2  
  181  11:14  Zergling x2  
  181  11:18  Zergling x6  
  167  11:28  Zergling x22  
  176  11:38  Zergling x8  
  170  11:47  Adrenal Glands  
  170  11:48  Zerg Ground Armor Level 3, Zerg Melee Weapons Level 3  
  170  11:51  Viper x4  
  170  11:53  Zergling x2  
  170  11:54  Zergling x24  
  195  12:02  Spire  
  194  12:08  Baneling  
  194  12:09  Baneling x10  
  194  12:11  Zergling x12  
  200  12:17  Hatchery  
  200  12:18  Zergling x2  
  190  12:23  Zergling x18  
  195  12:41  Zergling x8  
  199  13:00  Baneling x13  
  199  13:02  Overseer  
  199  13:11  Baneling x9  
  199  13:12  Baneling x16  
  199  13:22  Overseer  
  199  13:23  Overseer  
  147  13:51  Zergling x56  
  147  13:52  Zergling x8  
  154  13:57  Zergling x22  
  154  14:01  Zergling x2  
  164  14:06  Viper x2  
  170  14:17  Hatchery  
  170  14:19  Zergling x16  
  173  14:24  Hydralisk x2  
  173  14:25  Hydralisk x5  
  173  14:29  Queen  
  186  14:33  Zergling x2  
  185  14:41  Drone x7  
  190  14:46  Zergling x8  
  190  14:49  Baneling x11  
  190  14:50  Zergling x2, Baneling x4  
  190  14:51  Zergling x2  
  190  14:52  Zergling x2  
  197  14:54  Overlord x2  
  190  15:20  Zergling x18  
  199  15:25  Baneling  
  199  15:26  Baneling x8  
  199  15:27  Baneling x3  
  199  15:32  Spire  
  199  15:33  Extractor  
  197  15:42  Zergling x6  
  184  15:51  Baneling x7  
  184  15:53  Zergling x36  
  184  15:56  Baneling x2  
  184  15:57  Baneling x6  
  184  15:59  Spore Crawler  
  184  16:00  Spore Crawler  
  184  16:01  Spine Crawler  
  176  16:04  Zergling x16  
  176  16:05  Zergling x8  
  175  16:14  Zergling x4  
  175  16:22  Zergling x8  
  170  16:34  Hydralisk x4  
  169  16:42  Zergling x6, Hatchery  
  169  16:44  Hatchery  
  163  16:50  Zergling x6  
  166  16:56  Zergling x4  
  166  16:58  Greater Spire  
  164  17:08  Zergling x12  
  169  17:16  Drone x4  
  169  17:21  Drone x2  
  173  17:25  Overseer  
  173  17:27  Drone x4, Baneling x4  
  173  17:28  Baneling x3  
  173  17:29  Drone  
  178  17:34  Drone x2  
  178  17:36  Queen x2  
  183  17:39  Drone x2  
  183  17:43  Drone  
  184  17:45  Zerg Missile Weapons Level 2  
  184  17:51  Queen  
  184  17:53  Drone x6  
  188  18:21  Zergling x36  
  181  18:34  Zergling x10  
  181  18:35  Hatchery  
  185  18:42  Zergling x2  
  185  18:43  Zergling x6  
  187  18:54  Extractor  
  186  18:59  Zergling x6  
  186  19:00  Zergling x12  
  195  19:06  Zergling x8  
  196  19:12  Zergling x2  
  196  19:15  Zergling x2  
  198  19:19  Hatchery  
  194  19:24  Zergling x14  
  194  19:25  Zergling x2  
  194  19:30  Zergling x8  
  182  19:41  Zergling x20  
  186  19:48  Zergling x2  
  186  19:49  Zergling x6  
  187  19:52  Zergling x2  
  187  19:53  Zergling x2  

Tags
 
Add a new tag
Caveats
  • Supply blocks, unpowered buildings, or Contaminate may cause inaccurate times.
  • Supply counts are checked every 10 seconds.